 Dungeon Crawl Stone Soup version 0.21.1-1-g345015f (webtiles) character file.

155 lyrx the Sneak (level 5, 0/24 HPs)
             Began as a Spriggan Enchanter on Mar 2, 2018.
             Killed from afar by an orc wizard (8 damage)
             ... with a magic dart
             ... on level 3 of the Dungeon.
             The game lasted 00:22:39 (2945 turns).

lyrx the Sneak (Spriggan Enchanter)                 Turns: 2945, Time: 00:22:39

Health: 0/24       AC:  2    Str:  2 (4)  XL:     5   Next: 14%
Magic:  9/10       EV: 18    Int: 13 (16) God:
Gold:   68         SH:  0    Dex: 16 (18) Spells: 6/9 levels left

rFire    . . .     SeeInvis +   g - +1 dagger (vamp)
rCold    . . .     Gourm    .   (shield restricted)
rNeg     . . .     Faith    .   b - +0 robe
rPois    .         Spirit   .   (helmet restricted)
rElec    .         Reflect  .   (no cloak)
rCorr    .         Harm     .   (gloves unavailable)
MR       .....                  (boots unavailable)
Stlth    ++++......             (no amulet)
HPRegen  0.08/turn              (no ring)
MPRegen  0.12/turn              (no ring)

@: very quick
A: very small, unfitting armour, see invisible, herbivore, speed 3, slow
metabolism 2
a: no special abilities


You were on level 3 of the Dungeon.
You were full.

You visited 1 branch of the dungeon, and saw 3 of its levels.

You collected 68 gold pieces.

Inventory:

Hand Weapons
 a - a +1 dagger
 g - a +1 vampiric dagger (weapon)
 j - a +0 dagger of venom
 l - a +0 dagger of venom
Armour
 b - a +0 robe (worn)
 n - a +0 cloak
Wands
 m - a wand of random effects (25)
Scrolls
 d - 2 scrolls of remove curse
 e - a scroll of magic mapping
Potions
 f - 2 potions of curing
Books
 c - a book of Maledictions

   Spells                             Type                      Level
   a - Corona                         Hexes                        1
   b - Ensorcelled Hibernation        Hexes/Ice                    2
   c - Confuse                        Hexes                        3
   d - Tukima's Dance                 Hexes                        3
   e - Dazzling Spray                 Conjuration/Hexes            3


   Skills:
 + Level 2.7 Short Blades
 - Level 3.2 Dodging
 + Level 7.6 Stealth
 - Level 2.8 Spellcasting
 - Level 4.0 Hexes


You had 6 spell levels left.
You knew the following spells:

 Your Spells              Type           Power        Failure   Level  Hunger
a - Corona                Hex            ##.....      4%          1    #......
b - Ensorcelled Hibernat  Hex/Ice        #.....       16%         2    ###....


Dungeon Overview and Level Annotations

Branches:
Dungeon (3/15)

Altars:
Ashenzari


Innate Abilities, Weirdness & Mutations

You are very small and have problems with some larger weapons.
You are too small for most types of armour.
You have supernaturally acute eyesight. (SInv)
You are a herbivore.
You cover ground extremely quickly.
You need consume almost no food.


Message History

The goblin hits you.
The orc wizard points at you and mumbles some strange words.
You easily resist.
You hit the orc wizard but do no damage.
The orc wizard is severely wounded.
The orc wizard gestures wildly while chanting.
The orc wizard blinks!
The goblin closely misses you. The orc wizard misses you.
You hit the orc wizard but do no damage.
The orc wizard is severely wounded.
The orc wizard points at you and mumbles some strange words.
The magic dart hits you! The goblin closely misses you.
You barely miss the orc wizard.
The orc wizard is severely wounded.
The orc wizard hits you with a dagger. The goblin closely misses you.
You hit the orc wizard but do no damage.
The orc wizard is severely wounded.
The orc wizard casts a spell at you. The magic dart hits you!
You die...

#.#(# #.# #.#o# #.#
#.#.# #.# #.#.# #.# #.#
#.#.# #.## #.# ### #.#.#
#..# #.. ...
#.#.####.#####.#.# #.#
#....##g.......#.# #.#
#......@o#######.# #.#
##...###.#######.####.##
##.## #.#.....o.g.....#
#.# #.#o#####.##....#
##.## #.#.#####.##....#
#.#.# #.#.##..........[
#..####.#.##.###.###.##
#.###...#.##...#.# #.#
#.# #.# #.##.###.#.#.#


You could see an orc wizard and a goblin.

Vanquished Creatures
  Crazy Yiuf (D:2)
  Natasha (D:2)
  Robin (D:2)
  2 adders (D:2)
  A worm (D:2)
  4 dart slugs (D:1)
  A leopard gecko (D:1)
  2 orcs (D:3)
  5 giant cockroaches
  12 goblins
  8 hobgoblins
  6 kobolds
  2 quokkas
  A ball python (D:1)
  2 bats
  A frilled lizard (D:2)
  9 rats
59 creatures vanquished.

Notes
Turn   | Place    | Note
-------+----------+-------------------------------------------
     0 | D:1      | lyrx the Spriggan Enchanter began the quest for the Orb.
     0 | D:1      | Reached XP level 1. HP: 9/9 MP: 5/5
   383 | D:1      | Reached skill level 5 in Stealth
   757 | D:1      | Reached XP level 2. HP: 8/13 MP: 6/6
  1392 | D:1      | Learned a level 2 spell: Ensorcelled Hibernation
  1434 | D:1      | Reached XP level 3. HP: 16/16 MP: 8/8
  1545 | D:2      | Noticed Natasha
  1634 | D:2      | Found a shattered altar of Ashenzari.
  1719 | D:2      | Killed Natasha
  1719 | D:2      | Reached skill level 6 in Stealth
  1733 | D:2      | Noticed Robin
  1777 | D:2      | Reached XP level 4. HP: 21/21 MP: 9/9
  1837 | D:2      | Killed Robin
  1939 | D:2      | Reached skill level 7 in Stealth
  2111 | D:2      | Found a runed door.
  2115 | D:2      | Noticed Crazy Yiuf
  2119 | D:2      | Killed Crazy Yiuf
  2119 | D:2      | Reached XP level 5. HP: 24/24 MP: 7/10
  2945 | D:3      | Killed from afar by an orc wizard

Skill      XL: |  1  2  3  4 |
---------------+-------------+-----
Stealth        | 5 6 7 |  7.6
Hexes          | 4 |  4.0
Short Blades   | 2 |  2.7
Dodging        | |  3.2
Spellcasting   | |  2.8

Action                   |  1- 3 |  4- 6 || total
-------------------------+-------+-------++-------
Melee: Dagger            |   143 |   137 ||   280
 Cast: Ensorcelled Hiber |     1 |     7 ||     8
       Corona            |       |     3 ||     3
  Use: Scroll            |       |     4 ||     4
       Potion            |       |     1 ||     1
 Stab: Sleeping          |    10 |    12 ||    22
       Distracted        |     1 |       ||     1
  Eat: Ration            |     2 |     3 ||     5
Armor: Robe              |    22 |     8 ||    30
Dodge: Dodged            |    99 |    90 ||   189
